 Dungeon Crawl Stone Soup version 0.30.1-4-g462c640d31 (webtiles) character file.

Game seed: 5898358820168952359

146389 wingedge the Destroyer (level 16, -1/132 HPs)
             Began as a Demigod Earth Elementalist on Sept 2, 2023.
             Killed from afar by a merfolk aquamancer (27 damage)
             ... with a shard of ice
             ... on level 4 of the Shoals on Sept 3, 2023.
             The game lasted 02:34:34 (40896 turns).

wingedge the Destroyer (DgEE)                      Turns: 40896, Time: 02:34:35

Health: -1/132     AC: 24    Str: 25    XL:     16   Next: 36%
Magic:  0/42       EV: 15    Int: 43    God:
Gold:   2565       SH: 17    Dex: 17    Spells: 12/33 levels left

rFire   + + .        a - +9 hand axe of Clean Punishment {heavy, rPois MP+9 Int+3}
rCold   + . .        Q - +5 kite shield {rN+}
rNeg    + + +        i - +5 chain mail of the Barracuda {rC- Will+ Str+2 Int+4}
rPois   +            M - +0 hat "Xaocab" {rElec rC+ Dex+3}
rElec   +            w - +1 cloak of Yfaijapa {rF- Str+2 Int+3}
rCorr   +            W - +1 pair of gloves of the Wheelwright {+Blink Fly rF+ rN+ SInv}
SInv    +            U - +2 pair of slick slippers {slick, slippery, EV+4}
Will    +++..        Y - amulet of Ysum {Spirit Str+4}
Stlth   +            V - ring "Yfigin" {rF+ rN+ Will+ rCorr}
HPRegen 0.42/turn    r - ring "Vumeli Zulee" {*Slow rF+ rC+ Int+4 Stlth+}
MPRegen 0.28/turn

%: slow self (1%), guardian spirit
@: about to teleport, flying
A: high MP 1, forlorn, divine attributes
a: Evoke Blink


You were on level 4 of the Shoals.
You visited 4 branches of the dungeon, and saw 26 of its levels.
You visited 1 bazaar.
You also visited: Ossuary, Bailey, Gauntlet and Ice Cave.

You collected 4535 gold pieces.
You spent 1970 gold pieces at shops.

Inventory:

Hand Weapons
 a - the +9 hand axe of Clean Punishment (weapon) {heavy, rPois MP+9 Int+3}
   (You took it off an orc in a bailey)

   Int:       It affects your intelligence (+3).
   rPois:     It protects you from poison.
   MP:        It affects your magic capacity (+9).
 b - a +5 broad axe of flaming
Missiles
 B - 8 curare-tipped darts (quivered)
 K - 3 throwing nets
Armour
 i - the +5 chain mail of the Barracuda (worn) {rC- Will+ Str+2 Int+4}
   (You bought it in a shop on level 2 of the Orcish Mines)

   Str:       It affects your strength (+2).
   Int:       It affects your intelligence (+4).
   rC:        It makes you vulnerable to cold.
   Will:      It increases your willpower.
 s - the +6 ring mail of Golden Music {Dex+3}
   (You bought it in a shop on level 6 of the Dungeon)

   Dex:       It affects your dexterity (+3).
 w - the +1 cloak of Yfaijapa (worn) {rF- Str+2 Int+3}
   (You found it on level 14 of the Dungeon)

   Str:       It affects your strength (+2).
   Int:       It affects your intelligence (+3).
   rF:        It makes you vulnerable to fire.
 M - the +0 hat "Xaocab" (worn) {rElec rC+ Dex+3}
   (You found it in a Gauntlet)

   Dex:       It affects your dexterity (+3).
   rC:        It protects you from cold.
   rElec:     It insulates you from electricity.
 Q - a +5 kite shield of positive energy (worn)
 U - the +2 pair of slick slippers (worn) {slick, slippery, EV+4}
   (You acquired it in a bailey)

   Slick:     Its wearer cannot be constricted, engulfed, netted or webbed.
   Slippery:  Its wearer slips away from damaging melee attacks, pulling the
   attacker onward.
   EV:        It affects your evasion (+4).
 W - the +1 pair of gloves of the Wheelwright (worn) {+Blink Fly rF+ rN+ SInv}
   (You acquired it on level 1 of the Dungeon)

   rF:        It protects you from fire.
   rN:        It protects you from negative energy.
   SInv:      It lets you see invisible.
   Fly:       It grants you flight.
   +Blink:    It lets you blink.
Jewellery
 e - a ring of poison resistance
 q - a +5 ring of evasion
 r - the ring "Vumeli Zulee" (right hand) {*Slow rF+ rC+ Int+4 Stlth+}
   (You acquired it on level 1 of the Dungeon)

   [ring of protection from cold]

   Int:       It affects your intelligence (+4).
   rF:        It protects you from fire.
   rC:        It protects you from cold.
   *Slow:     It may slow you when you take damage.
   Stlth:     It makes you more stealthy.
 y - a +6 ring of intelligence
 F - a ring of protection from fire
 V - the ring "Yfigin" (left hand) {rF+ rN+ Will+ rCorr}
   (You found it on level 11 of the Dungeon)

   [ring of resist corrosion]

   rF:        It protects you from fire.
   rN:        It protects you from negative energy.
   rCorr:     It protects you from acid and corrosion.
   Will:      It increases your willpower.
 Y - the amulet of Ysum (around neck) {Spirit Str+4}
   (You found it in a Gauntlet)

   [amulet of guardian spirit]

   It causes incoming damage to be divided between your reserves of health and
   magic.
   Str:       It affects your strength (+4).
Wands
 h - a wand of digging (8)
 j - a wand of acid (4)
 m - a wand of charming (8)
 x - a wand of roots (37)
 S - a wand of polymorph (3)
Scrolls
 d - 3 scrolls of vulnerability
 g - 2 scrolls of poison
 o - a scroll of teleportation
 t - 2 scrolls of enchant armour
 u - 3 scrolls of fog
 v - 3 scrolls of magic mapping
 G - 6 scrolls of fear
 I - 3 scrolls of brand weapon
 J - 2 scrolls of silence
 L - 3 scrolls of blinking
 P - 5 scrolls of immolation
 R - 2 scrolls of butterflies
Potions
 c - 3 potions of resistance
 f - 4 potions of might
 k - 18 potions of curing
 l - 2 potions of brilliance
 n - a potion of heal wounds
 p - 3 potions of flight
 z - 3 potions of haste
 C - a potion of ambrosia
 D - 5 potions of mutation
 E - 4 potions of cancellation
 H - 2 potions of berserk rage
Miscellaneous
 A - a phantom mirror
 O - a condenser vane


   Skills:
 + Level 9.0 Fighting
 + Level 4.4 Axes
 + Level 11.7 Armour
 + Level 5.8 Dodging
 - Level 5.0 Stealth
 + Level 10.1 Shields
 - Level 9.0 Spellcasting
 * Level 12.8 Conjurations
 - Level 9.0 Summonings
 - Level 0.8 Transmutations
 - Level 10.0 Air Magic
 - Level 5.0 Earth Magic
 - Level 4.0 Poison Magic


You had 12 spell levels left.
You knew the following spells:

 Your Spells              Type           Power      Damage    Failure   Level
a - Airstrike             Air            40%        2d(6-22)  1%          4
b - Stone Arrow           Conj/Erth      100%       3d13      1%          3
c - Summon Lightning Spi  Summ/Air       79%        N/A       1%          4
d - Mephitic Cloud        Conj/Pois/Air  77%        N/A       1%          3
e - Orb of Destruction    Conj           46%        9d12      41%         7

Your spell library contained the following spells:

 Spells                   Type           Power      Damage    Failure   Level
 Magic Dart               Conj           100%       1d8       1%          1
 Sandblast                Erth           100%       2d20      1%          1
 Call Imp                 Summ           100%       N/A       1%          2
 Static Discharge         Conj/Air       100%       2-7/arc   1%          2
 Cigotuvi's Dreadful Rot  Necr/Pois/Air  100%       N/A       2%          2
 Passwall                 Tmut/Erth      36%        N/A       4%          2
 Summon Guardian Golem    Hex/Summ       55%        N/A       4%          3
 Iskenderun's Mystic Bla  Conj/Tloc      65%        2d13      8%          4
 Necrotise                Necr           76%        1d7       11%         1
 Summon Ice Beast         Ice/Summ       55%        N/A       16%         4
 Ozocubu's Armour         Ice            19%        N/A       30%         3
 Vampiric Draining        Necr           19%        2d7       30%         3
 Petrify                  Tmut/Erth      44%        N/A       30%         4
 Summon Mana Viper        Hex/Summ       55%        N/A       41%         5
 Spellforged Servitor     Conj/Summ      42%        N/A       69%         7
 Anguish                  Hex/Necr       9%         N/A       71%         4
 Cause Fear               Hex            9%         N/A       71%         4
 Dispel Undead            Necr           19%        3d11      71%         4
 Plasma Beam              Fire/Air       29%        2x1d45    90%         6
 Monstrous Menagerie      Summ           38%        N/A       91%         7
 Agony                    Necr           19%        N/A       96%         5
 Death Channel            Necr           9%         N/A       100%        6
 Enfeeble                 Hex            9%         N/A       100%        7
 Ozocubu's Refrigeration  Ice            9%         4d9       100%        7
 Storm Form               Tmut/Air       30%        N/A       100%        7
 Maxwell's Capacitive Co  Air            40%        ∞         100%        8


Dungeon Overview and Level Annotations

Branches:
Dungeon (15/15)            Temple (0/1) D:5            Lair (5/5) D:8
 Shoals (4/4) Lair:2        Snake (0/4) Lair:3        Slime (0/5) Lair:5
    Orc (2/2) D:10            Elf (0/3) Orc:2        Vaults (0/5) D:14
 Depths (0/4) D:15        Ossuary (visited)          Bailey (visited)
  IceCv (visited)         Gauntlet (visited)

Shops:
D:1 !   D:6 [   D:15 *   Orc:2 :[?(   Shoals:2 (

Portals:
Abyss: D:13

Annotations:
D:13 2 transporters, Temous's ghost, journeyman HuFi
D:15 1 runed translucent door, middlethird's ghost, journeyman FoNe


Innate Abilities, Weirdness & Mutations

You have an increased reservoir of magic. (+10% MP)
You shall have no god before yourself.
Your divine heritage dramatically boosts your attributes as you level up.


Message History

Press: ? - help, Dir - move target, f - merfolk siren
Aim: a merfolk siren, wielding a +0 trident (noxious fumes, water, confused, empty space bonus: 8/8)
The air twists around and strikes the merfolk siren!!
The merfolk siren is severely wounded.
The merfolk siren is engulfed in noxious fumes. x2
The merfolk siren appears confused.
Casting: Airstrike (mildly dangerous; 1% risk of failure)
Confirm with . or Enter, or press ? or * to list all spells.
Aiming: Airstrike (mildly dangerous; 1% risk of failure)
Press: ? - help, Dir - move target, f/p - merfolk siren
Aim: a merfolk siren, wielding a +0 trident (noxious fumes, water, heavily wounded, confused, empty space bonus: 8/8)
The air twists around and strikes the merfolk siren!
The merfolk siren is almost dead.
The merfolk siren is engulfed in noxious fumes.
A merfolk aquamancer comes into view. It is wielding a +0 rapier.
The merfolk siren laughs crazily.
The merfolk siren hits you but does no damage.
You hit the merfolk siren.
The merfolk siren is almost dead.
The merfolk siren is engulfed in noxious fumes. x2
The merfolk siren appears confused.
The merfolk aquamancer gestures at you while chanting.
You block the torrent of water.
The wave splashes down.
You hear a shout!
You hear a bleat!
You hear an angry hiss.
You hear a bleat! x2
You hear a shout!
You hear an angry hiss. x2; You hear a shout! x2
As you read the scroll of teleportation, it crumbles to dust.
You feel strangely unstable.
The merfolk siren looks very confused.
The merfolk siren chants a haunting song.
You resist with almost no effort.
A merfolk javelineer comes into view.
It is wielding a +0 spear and quivering silver javelins.
As you read the scroll of fog, it crumbles to dust.
The scroll dissolves into smoke.
The merfolk javelineer throws a silver javelin.
The silver javelin pierces through you!!
* * * LOW HITPOINT WARNING * * *
x2 A merfolk javelineer comes into view.
It is wielding a +0 spear.
The merfolk aquamancer points at you and mumbles some strange words.
The shard of ice hits you!! You partially resist.
You die...

#≈≈≈≈≈≈≈~~~~........
#≈≈≈≈≈≈≈~~~~........
#≈≈≈≈≈≈≈~~~~........
#≈≈≈≈≈≈≈≈~~~~.......
#≈≈≈≈≈≈○m~~~~~.$..##
#≈≈≈≈m≈○○≈~~~~...##
#≈≈≈≈≈≈≈○≈≈~~~~.##
#≈≈≈≈§§§§§≈~~~~##
#≈≈≈≈≈§@§≈m~~~~#
#≈≈≈≈§§§§§≈~~~~#
#≈≈≈≈§≈§≈≈≈~~~m#
#≈≈≈≈≈≈≈≈≈~~~~m~~$
#≈≈≈≈≈≈≈≈≈~~~~~~#~
#≈≈≈≈≈≈≈≈≈~~~~..~#~
#≈≈≈≈≈≈≈≈~~~~.....
#≈≈≈≈≈≈≈~~~~......
≈≈≈≈≈≈~~~~....=.


You could see 2 merfolk javelineers, a merfolk aquamancer and 2 merfolk sirens.

Vanquished Creatures
  Frances (Shoals:1)
  Agnes (D:15)
  Louise (D:14)
  An orc warlord (D:14)
  A stone giant (D:14)
  4 very ugly things
  Azrael (D:12)
  Josephine (Shoals:1)
  2 fire dragons (D:15)
  4 merfolk impalers
  2 great orbs of eyes
  An ice dragon (Shoals:2)
  A catoblepas (Lair:5)
  7 centaur warriors
  An ogre mage (D:14)
  An anaconda (Lair:5)
  2 dancing weapons (D:14)
  4 two-headed ogres
  5 hydras
  A death yak (D:8)
  3 boulder beetles
  2 merfolk aquamancers (Shoals:4)
  5 orc high priests
  A tengu warrior (D:13)
  Amaemon (D:8)
  Sonja (D:10)
  2 skeletal warriors (D:15)
  4 skysharks
  2 sixfirhies (Gauntlet)
  Lodul (D:10)
  6 sea snakes
  An orange crystal statue (IceCv)
  2 harpies (Shoals:1)
  A deep elf pyromancer (D:15)
  An oklob plant (Lair:3)
  9 manticores
  3 orc knights
  17 ugly things
  6 cyclopes
  2 orc sorcerers
  A water nymph (Shoals:2)
  A black mamba (shapeshifter) (D:13)
  8 elephants
  An orange demon (D:8)
  6 black mambas
  4 merfolk sirens (Shoals:3)
  Maggie (D:6)
  A gargoyle (D:12)
  3 yaktaurs (D:15)
  A torpor snail (Lair:4)
  3 cane toads
  2 rime drakes
  An unseen horror (D:13)
  Psyche (D:10)
  2 kobold demonologists (Bailey)
  3 freezing wraiths
  2 efreet
  5 komodo dragons
  A tengu conjurer (D:14)
  5 harpy zombies (Shoals:1)
  4 trolls
  Grinder (D:3)
  3 meliai (D:14)
  15 merfolk
  3 wind drakes
  4 nameless horrors
  5 polar bears (Lair:5)
  19 blink frogs
  2 hornets (Lair:5)
  5 dream sheep
  A snapping turtle (Shoals:1)
  Sigmund (D:2)
  10 slime creatures
  4 wraiths
  A dire elephant simulacrum (IceCv)
  2 wyverns
  43 yaks
  8 spriggans (Lair:5)
  9 water elementals
  A yak (shapeshifter) (D:13)
  2 basilisks
  4 fire elementals (D:12)
  A warg (Orc:2)
  5 vampire mosquitoes
  A harpy simulacrum (IceCv)
  2 acid dragons
  2 swamp worms (Gauntlet)
  Edmund (D:5)
  10 water moccasins
  2 hell hounds (D:12)
  16 orc warriors
  2 ice beasts
  An alligator simulacrum (IceCv)
  A sky beast (D:7)
  14 ogres
  4 black bears
  17 wolves
  4 boggarts (Lair:5)
  14 centaurs
  3 kobold brigands
  2 elf zombies (Ossuary)
  6 bullfrogs
  4 wights (D:10)
  6 scorpions
  6 killer bees (D:9)
  A lindwurm simulacrum (IceCv)
  2 howler monkeys
  9 electric eels
  4 hounds
  2 jellies
  21 orc priests
  Crazy Yiuf (D:5)
  A gnoll bouda (D:8)
  A human zombie (Ossuary)
  Jessica (D:3)
  2 sleepcaps (D:4)
  Ijyb (D:3)
  Natasha (D:2)
  5 iguanas
  19 orc wizards
  4 hell rats (Lair:5)
  2 hound zombies (Ossuary)
  4 mummies (Ossuary)
  Robin (D:2)
  10 gnolls
  7 adders
  2 river rats (Lair:5)
  A shadow imp (D:5)
  A white imp (D:7)
  An ufetubus (D:5)
  A worm (D:3)
  2 dart slugs (D:1)
  47 orcs
  9 ball pythons
  A bat zombie (Shoals:1)
  7 endoplasms
  2 giant cockroaches
  19 goblins
  13 hobgoblins
  7 jackals
  3 quokkas
  8 bats
  A gnoll zombie (Ossuary)
  A hobgoblin zombie (Ossuary)
  2 jackal zombies (Ossuary)
  27 kobolds
  A kobold zombie (Ossuary)
  2 orc zombies (Ossuary)
  8 rats
700 creatures vanquished.

Vanquished Creatures (collateral kills)
  Ilsuiw (Shoals:3)
  Aizul (Shoals:1)
  A stone giant (D:14)
  A minotaur (Gauntlet)
  2 merfolk javelineers (Shoals:3)
  3 centaur warriors
  5 boulder beetles
  2 merfolk aquamancers
  An orc high priest (Orc:2)
  A tengu warrior (D:14)
  A skyshark (Lair:5)
  A sea snake (Shoals:2)
  A skeletal warrior (D:15)
  A harpy (shapeshifter) (D:14)
  2 harpies (Shoals:1)
  7 ugly things
  A cyclops (D:14)
  2 manticores
  7 elephants
  A black mamba (Lair:5)
  3 komodo dragons
  2 cane toads
  A freezing wraith (IceCv)
  A yaktaur (D:15)
  A golden dragon simulacrum (IceCv)
  A kobold demonologist (D:10)
  A troll (D:9)
  A polar bear (Lair:5)
  A hornet (Lair:5)
  6 merfolk
  9 blink frogs
  A snapping turtle (Shoals:1)
  A dream sheep (Lair:5)
  5 slime creatures
  A water elemental (Shoals:1)
  5 spriggans (Lair:5)
  20 yaks
  A dire elephant simulacrum (IceCv)
  A vampire mosquito (D:14)
  A swamp worm (Gauntlet)
  3 water moccasins
  An acid dragon (D:14)
  A warg (Orc:2)
  An ice beast (D:8)
  2 black bears
  5 orc warriors
  10 centaurs
  8 wolves
  An ogre (Orc:1)
  A scorpion (shapeshifter) (D:15)
  A bullfrog (Lair:2)
  3 wights (D:10)
  2 lindwurm simulacra (IceCv)
  2 howler monkeys (D:10)
  4 orc priests
  7 orc wizards
  A hell rat (Lair:5)
  6 orcs
  5 rats (Lair:5)
169 creatures vanquished.

Vanquished Creatures (others)
  3 water elementals
  A centaur (D:14)
4 creatures vanquished.

Grand Total: 873 creatures vanquished

Notes
Turn   | Place    | Note
-------+----------+-------------------------------------------
     0 | D:1      | wingedge the Demigod Earth Elementalist began the quest for
                  | the Orb.
     0 | D:1      | Reached XP level 1. HP: 14/14 MP: 5/5
   124 | D:1      | Reached XP level 2. HP: 20/20 MP: 0/7
   271 | D:1      | Reached skill level 1 in Conjurations
   849 | D:1      | Reached XP level 3. HP: 26/26 MP: 6/8
   869 | D:1      | Learned a level 3 spell: Stone Arrow
   974 | D:1      | Found Usaq's Distillery.
   983 | D:1      | Bought a potion of degeneration for 13 gold pieces
  1223 | D:2      | Noticed Sigmund
  1225 | D:2      | Killed Sigmund
  1226 | D:2      | Reached skill level 2 in Conjurations
  1226 | D:2      | Reached XP level 4. HP: 33/33 MP: 2/11
  1226 | D:2      | Reached XP level 5. HP: 38/38 MP: 2/12
  1422 | D:2      | Noticed Robin
  1425 | D:2      | Reached skill level 3 in Conjurations
  2218 | D:2      | Noticed Natasha
  2234 | D:2      | Killed Natasha
  2615 | D:2      | Killed Robin
  3220 | D:3      | Noticed Jessica
  3224 | D:3      | Killed Jessica
  3225 | D:3      | Reached XP level 6. HP: 46/46 MP: 6/13
  3402 | D:3      | Noticed Grinder
  3408 | D:3      | Paralysed by Grinder for 5 turns
  3415 | D:3      | Killed Grinder
  3416 | D:3      | Reached skill level 1 in Fighting
  3416 | D:3      | Reached skill level 1 in Shields
  3609 | D:3      | Noticed Ijyb
  3613 | D:3      | Killed Ijyb
  4283 | D:4      | Reached XP level 7. HP: 52/52 MP: 8/15
  4374 | D:4      | Reached skill level 4 in Conjurations
  5047 | D:5      | Entered Level 5 of the Dungeon
  5155 | D:5      | Found a staircase to the Ecumenical Temple.
  5312 | D:5      | Noticed Edmund
  5318 | D:5      | Killed Edmund
  5420 | D:5      | Reached skill level 1 in Air Magic
  5467 | D:5      | Identified the +5 sling of Tumult {heavy, rElec}
  5496 | D:5      | Reached skill level 1 in Summonings
  5675 | D:5      | Reached XP level 8. HP: 62/62 MP: 10/17
  5881 | D:5      | Reached skill level 5 in Earth Magic
  6026 | D:5      | Found a runed translucent door.
  6027 | D:5      | Noticed Crazy Yiuf
  6034 | D:5      | Killed Crazy Yiuf
  6213 | D:5      | Learned a level 4 spell: Summon Lightning Spire
  6301 | D:6      | Noticed Maggie
  6310 | D:6      | Killed Maggie
  6311 | D:6      | Reached skill level 1 in Armour
  6520 | D:6      | Found a sand-covered staircase.
  6525 | Ossuary  | Entered an ossuary
  6770 | Ossuary  | Reached skill level 5 in Conjurations
  7356 | D:6      | Reached XP level 9. HP: 70/70 MP: 10/19
  7455 | D:6      | Noticed an animated pearl dragon scales
  7457 | D:6      | Found Asuzxaop's Armour Shop.
  7458 | D:6      | Noticed an animated storm dragon scales
  8269 | D:7      | Got the Parchment of Voltage and Topology
  8274 | D:7      | Learned a level 3 spell: Mephitic Cloud
  9297 | D:8      | Reached skill level 1 in Poison Magic
  9544 | D:8      | Reached skill level 5 in Spellcasting
  9772 | D:8      | Noticed a death yak
  9782 | D:8      | Killed a death yak
  9783 | D:8      | Reached XP level 10. HP: 39/78 MP: 0/21
  9972 | D:6      | Bought the +6 ring mail of Golden Music {Dex+3} for 567
                  | gold pieces
 10128 | D:8      | Reached skill level 5 in Air Magic
 10279 | D:8      | Noticed Amaemon
 10294 | D:8      | Killed Amaemon
 10295 | D:8      | Reached skill level 5 in Summonings
 10342 | D:8      | Reached skill level 5 in Shields
 11334 | D:8      | Found a staircase to the Lair.
 12387 | D:9      | Noticed a nameless horror
 12403 | D:9      | Killed a nameless horror
 12492 | D:8      | Reached XP level 11. HP: 84/84 MP: 8/23
 12846 | D:10     | Entered Level 10 of the Dungeon
 12846 | D:10     | Noticed Sonja
 12850 | D:10     | Killed Sonja
 12926 | D:10     | Noticed Lodul
 13053 | D:10     | Killed Lodul
 13070 | D:10     | Found a flagged portal.
 13182 | Bailey   | Entered a bailey
 13317 | Bailey   | Noticed an orc knight
 13353 | Bailey   | Killed an orc knight
 13444 | Bailey   | Noticed an orc knight
 13455 | Bailey   | Killed an orc knight
 13456 | Bailey   | Reached skill level 5 in Armour
 13757 | Bailey   | Acquired the +2 pair of slick slippers {slick, slippery,
                  | EV+4}
 13757 | Bailey   | Found the +2 pair of slick slippers {slick, slippery, EV+4}
 13882 | Bailey   | Identified the +9 hand axe of Clean Punishment {heavy,
                  | rPois MP+9 Int+3}
 14587 | D:1      | Acquired the +1 pair of gloves of the Wheelwright {+Blink
                  | Fly rF+ rN+ SInv}
 14603 | D:1      | Acquired the ring "Vumeli Zulee" {*Slow rF+ rC+ Int+4
                  | Stlth+}
 14769 | D:10     | Noticed Psyche
 14775 | D:10     | Killed Psyche
 14919 | D:10     | Found a staircase to the Orcish Mines.
 15592 | Lair:1   | Entered Level 1 of the Lair of Beasts
 15807 | Lair:1   | Reached skill level 5 in Stealth
 16352 | Lair:2   | Reached XP level 12. HP: 79/92 MP: 5/25
 16812 | Lair:2   | Found a staircase to the Shoals.
 16871 | Lair:2   | Reached skill level 5 in Fighting
 17509 | Lair:3   | Noticed a seven-headed hydra
 17524 | Lair:3   | Killed a seven-headed hydra
 17525 | Lair:3   | Reached skill level 6 in Conjurations
 17550 | Lair:3   | Found a gate leading to a gauntlet.
 17558 | Gauntlet | Entered a Gauntlet
 17558 | Gauntlet | Found a transporter.
 17558 | Gauntlet | Found a transporter.
 17558 | Gauntlet | Found a transporter.
 17692 | Gauntlet | Found a transporter.
 17696 | Gauntlet | Noticed a hell beast
 17706 | Gauntlet | Found a transporter.
 17710 | Gauntlet | Found a transporter.
 17716 | Gauntlet | Noticed a catoblepas
 17724 | Gauntlet | Found a transporter.
 17741 | Gauntlet | Noticed a great orb of eyes
 17754 | Gauntlet | Found a transporter.
 17756 | Gauntlet | Found a transporter.
 17768 | Gauntlet | Found a transporter.
 17774 | Gauntlet | Found a transporter.
 17836 | Gauntlet | Found a transporter.
 18060 | Gauntlet | Identified the +0 hat "Xaocab" {rElec rC+ Dex+3}
 18090 | Gauntlet | Paralysed by a great orb of eyes for 4 turns
 18094 | Gauntlet | Killed a great orb of eyes
 18315 | Gauntlet | Noticed a minotaur
 18347 | Gauntlet | Killed a minotaur
 18486 | Gauntlet | Identified the +0 scale mail "Jomid" {Fly rC++ Str-3 Dex+8}
 18486 | Gauntlet | Identified the amulet of Ysum {Spirit Str+4}
 18540 | Lair:3   | Found a staircase to the Snake Pit.
 19280 | Lair:4   | Noticed an eight-headed hydra
 19287 | Lair:4   | Killed an eight-headed hydra
 19291 | Lair:4   | Reached XP level 13. HP: 89/102 MP: 11/26
 20479 | Lair:5   | Entered Level 5 of the Lair of Beasts
 20581 | Lair:5   | Reached skill level 7 in Conjurations
 20746 | Lair:5   | Found a staircase to the Slime Pits.
 21915 | Lair:5   | Identified the +3 scale mail of Miracles {rN+ Str+4 Dex+5}
 21932 | Lair:5   | Identified the +4 long sword of the Dove {flame, rElec}
 23723 | Orc:1    | Entered Level 1 of the Orcish Mines
 23749 | Orc:1    | Reached skill level 8 in Conjurations
 23749 | Orc:1    | Reached XP level 14. HP: 113/113 MP: 18/29
 23974 | Orc:2    | Entered Level 2 of the Orcish Mines
 24476 | Orc:2    | Found a staircase to the Elven Halls.
 24918 | Orc:2    | Found Bisang's Armour Shoppe.
 24918 | Orc:2    | Found Extaison's Weapon Emporium.
 25264 | Orc:2    | Found Wuulir's Magic Scroll Emporium.
 25268 | Orc:2    | Found Ninisy's Book Shoppe.
 25887 | Orc:2    | Reached skill level 10 in Shields
 26708 | D:11     | Identified the ring "Yfigin" {rF+ rN+ Will+ rCorr}
 26810 | Orc:2    | Bought a +2 cloak for 165 gold pieces
 26855 | Orc:2    | Bought the +5 chain mail of the Barracuda {rC- Will+ Str+2
                  | Int+4} for 477 gold pieces
 27636 | D:12     | Reached skill level 5 in Dodging
 27824 | D:12     | Reached skill level 9 in Conjurations
 28197 | D:12     | Identified the +3 falchion "Tiduscho" {freeze, Str+4}
 28775 | D:12     | Noticed Azrael
 28791 | D:12     | Killed Azrael
 29138 | D:13     | Found a transporter.
 29141 | D:13     | Found a transporter.
 29279 | D:13     | Found a one-way gate to the infinite horrors of the Abyss.
 29279 | D:13     | Noticed Temous's ghost (journeyman HuFi)
 29318 | D:13     | You are sucked into a shaft and drop 1 floor!
 29355 | D:13     | Learned a level 4 spell: Airstrike
 29603 | D:13     | Acquired 949 gold pieces
 30757 | D:14     | Found a gate to the Vaults.
 31118 | D:14     | Found a transporter.
 31119 | D:14     | Noticed an orc warlord
 31638 | D:14     | Found a transporter.
 31712 | D:14     | Noticed Louise
 31739 | D:14     | Killed Louise
 31938 | D:14     | Reached XP level 15. HP: 123/123 MP: 16/32
 32256 | D:14     | Reached skill level 10 in Armour
 32449 | D:14     | Identified the +1 cloak of Yfaijapa {rF- Str+2 Int+3}
 32504 | D:15     | Entered Level 15 of the Dungeon
 32841 | D:15     | Found a runed translucent door.
 33036 | D:15     | Reached skill level 10 in Conjurations
 33250 | D:15     | Noticed middlethird's ghost (journeyman FoNe)
 33251 | D:15     | Noticed Agnes
 33283 | D:15     | Killed Agnes
 33449 | D:15     | Reached skill level 10 in Air Magic
 34031 | D:15     | Reached skill level 11 in Conjurations
 34738 | D:15     | Found Eleu's Assorted Antiques.
 34747 | D:15     | Bought a shiny kite shield for 225 gold pieces
 34805 | D:15     | Found a staircase to the Depths.
 35079 | Shoals:1 | Entered Level 1 of the Shoals
 35092 | Shoals:1 | Reached skill level 1 in Axes
 35097 | Shoals:1 | Noticed Aizul
 35098 | Shoals:1 | Noticed Frances
 35511 | Shoals:1 | Found a flickering gateway to a bazaar.
 35520 | Bazaar   | Entered a bazaar
 35534 | Bazaar   | Found Yjatan's Antique Weapon Boutique.
 35543 | Bazaar   | Found Denaakk's Magic Scroll Shoppe.
 35548 | Bazaar   | Found Zyzosomi's Distillery.
 35551 | Bazaar   | Bought a scroll of teleportation for 51 gold pieces
 35551 | Bazaar   | Bought a scroll of magic mapping for 127 gold pieces
 35558 | Bazaar   | Bought 2 potions of invisibility for 240 gold pieces
 35585 | Bazaar   | Found Oramy's Magic Scroll Shop.
 35593 | Bazaar   | Bought a scroll of magic mapping for 75 gold pieces
 35593 | Bazaar   | Bought a scroll of teleportation for 30 gold pieces
 35641 | Shoals:1 | Killed Frances
 35997 | Shoals:1 | Killed Aizul
 36276 | Shoals:1 | Learned a level 7 spell: Orb of Destruction
 36918 | Shoals:1 | Noticed Josephine
 36922 | Shoals:1 | Killed Josephine
 37516 | Shoals:2 | Reached skill level 12 in Conjurations
 37700 | Shoals:2 | Found Peobop's Weapon Shop.
 37867 | Shoals:2 | Reached XP level 16. HP: 132/132 MP: 19/33
 37895 | Shoals:2 | Found a frozen archway.
 38007 | IceCv    | Entered an ice cave
 38017 | IceCv    | Found a transporter.
 38083 | IceCv    | Found a transporter.
 39797 | Shoals:3 | Noticed Ilsuiw
 39819 | Shoals:3 | Killed Ilsuiw
 40818 | Shoals:4 | Entered Level 4 of the Shoals
 40896 | Shoals:4 | Killed from afar by a merfolk aquamancer

Illustrated notes

Levels and vault maps discovered:
D:1:      erik_arrival_cave_to_civilisation [erik_arrival_cave_to_hall],
          layout_loops_ring, serial_shops, shop, shapermc_ecumenical_altar_petra
D:2:      layout_basic, uniq_natasha, uniq_sigmund, uniq_robin
D:3:      layout_loops_ring, nicolae_overflow_crystal_walls,
          hangedman_abyss_or_decor_stabs, uniq_grinder, uniq_jessica, uniq_ijyb
D:4:      layout_gridville
D:5:      layout_rooms, amcnicky_altar_gilded, general_overflow_altar,
          minmay_temple_entry_proselytizer, uniq_crazy_yiuf_cottage, uniq_edmund
D:6:      layout_loops_ring, mainiacjoe_overflow_tiny_flanked,
          nicolae_ossuary_entry_plus, serial_shops, nicolae_shop_mannequins,
          uniq_maggie
D:7:      layout_loops_ring, mainiacjoe_overflow_alcove_1,
          fedhas_ov_isle_minmay, hex_medium
D:8:      argonaut_augean_stables, layout_basic, mainiacjoe_overflow_catwalk,
          hellmonk_lair_entry_icy, uniq_amaemon
D:9:      layout_cave_pools, nicolae_overflow_two_pavilions,
          lemuel_doored_altar, minivault_26
D:10:     layout_roguey, vehumet_altar_wand_db, lemuel_round_altar,
          mainiacjoe_overflow_alcove_4, mainiacjoe_overflow_small_starburst,
          enter_bailey_4, uniq_lodul, uniq_sonja, uniq_psyche
D:11:     layout_roguey
D:12:     layout_grid_maze, uniq_azrael
D:13:     layout_loops_ring, gammafunk_ghost_abyssal_escape
D:14:     gammafunk_beogh_shrine, layout_basic, erik_vaults_1,
          old_standard_altar, uniq_louise
D:15:     gammafunk_enter_depths_forms, layout_irregular_city,
          gammafunk_ghost_grave, corexii_hall_statues_i, serial_shops, shop,
          serial_park_tiny_1, uniq_agnes
Lair:1:   layout_cave_shapes, beast_lair_carwin_3
Lair:2:   layout_misc_corridors, minmay_shoals_entry_beasts,
          serial_bayou_shore_a
Lair:3:   layout_misc_corridors, minmay_snake_entry_six_corridors,
          gauntlet_entry_generic
Lair:4:   layout_loops_ring
Lair:5:   minmay_lair_end_enchanted_forest, layout_cave_pods, slime_entry_1,
          kennysheep_abandoned_house, grunt_megastairs_5
Shoals:1: layout_shoals, serial_shops, bzr_firewalk,
          nicolae_shoals_undead_eyrie, uniq_aizul, uniq_frances, uniq_josephine
Shoals:2: layout_shoals, portal_ice_cave_entry_dragon, serial_shops,
          nicolae_shop_bloodbath_and_beyond
Shoals:3: layout_shoals, uniq_ilsuiw
Shoals:4: shoals_end_grunt_ice, layout_shoals, shoals_ilsuiw_alternative,
          uniq_roxanne
Orc:1:    layout_caves
Orc:2:    st_orc_mages, layout_diamond_mine

Skill      XL: |  1  2  3  4  5  6  7  8  9 10 11 12 13 14 15 16 |
---------------+-------------------------------------------------+-----
Spellcasting   | 2 3 4 5 6 7 8 9 |  9.0
Earth Magic    | 3 4 5 |  5.0
Conjurations   | 1 2 3 4 5 6 8 9 12 | 12.8
Stealth        | 2 3 4 5 |  5.0
Fighting       | 1 2 3 4 5 7 8 9 |  9.0
Dodging        | 2 3 4 5 |  5.8
Shields        | 1 2 3 4 5 7 8 9 10 | 10.1
Air Magic      | 1 3 4 6 7 8 9 10 | 10.0
Summonings     | 1 3 4 6 7 9 |  9.0
Armour         | 1 2 4 6 7 8 9 11 | 11.7
Poison Magic   | 1 3 4 |  4.0
Axes           | 3 4 |  4.4
Transmutations | |  0.8

Action                     |  1- 3 |  4- 6 |  7- 9 | 10-12 | 13-15 | 16-18 || total
---------------------------+-------+-------+-------+-------+-------+-------++-------
  Melee: Flail             |       |       |    53 |    69 |       |       ||   122
         Hand axe          |       |       |       |    61 |   311 |    25 ||   397
         Broad axe         |       |       |       |       |    23 |    57 ||    80
   Fire: Sling             |       |       |     1 |    42 |       |       ||    43
  Throw: Throwing net      |       |     1 |       |       |       |       ||     1
         Dart              |       |       |     2 |     4 |     3 |       ||     9
   Cast: Sandblast         |    39 |    46 |    36 |    21 |       |       ||   142
         Stone Arrow       |     2 |    26 |   140 |   241 |   528 |    44 ||   981
         Mephitic Cloud    |       |       |     7 |    46 |    92 |    10 ||   155
         Summon Lightning  |       |       |       |    32 |    85 |    12 ||   129
         Airstrike         |       |       |       |       |   111 |    54 ||   165
  Evoke: Wand              |       |       |       |     6 |       |       ||     6
    Use: Scroll            |     5 |     2 |     8 |    18 |    14 |     9 ||    56
         Potion            |       |       |       |       |     5 |    12 ||    17
   Stab: Confused          |       |       |       |     8 |    19 |     3 ||    30
         Distracted        |       |       |       |       |    11 |       ||    11
         Petrified         |       |       |       |       |     3 |       ||     3
         Petrifying        |       |       |       |       |     1 |       ||     1
         Invisible         |       |       |       |       |       |     1 ||     1
 Armour: Robe              |     1 |     7 |     2 |       |       |       ||    10
         Steam dragon scal |       |       |    59 |       |       |       ||    59
         Ring mail         |       |       |       |    95 |    29 |       ||   124
         Scale mail        |       |       |       |       |     1 |       ||     1
         Chain mail        |       |       |       |       |   235 |    66 ||   301
  Dodge: Dodged            |     3 |    23 |    83 |   145 |   380 |    91 ||   725
  Block: Buckler           |       |     3 |    21 |       |       |       ||    24
         Kite shield       |       |       |    26 |   219 |   660 |   116 ||  1021
